 Dungeon Crawl Stone Soup version 0.27.1-34-g3ba077fa99 (webtiles) character file.

Game seed: 4365429191004368809

2816 ticklebelly the Fighter (level 9, -17/85 HPs)
             Began as a Minotaur Berserker on Jan 4, 2022.
             Was a Priest of Trog.
             Demolished by a two-headed ogre (24 damage)
             ... on level 10 of the Dungeon.
             The game lasted 00:16:34 (7923 turns).

ticklebelly the Fighter (Minotaur Berserker)        Turns: 7923, Time: 00:16:35

Health: -17/85     AC: 15    Str: 36    XL:     9   Next: 44%
Magic:  8/8        EV:  9    Int:  4    God:    Trog [***...]
Gold:   600        SH:  0    Dex: 11    Spells: 8/8 levels left

rFire    . . .     SeeInvis .   A - +0 war axe
rCold    . . .     Faith    .   (no shield)
rNeg     . . .     Spirit   .   H - +0 plate armour
rPois    .         Reflect  .   (helmet restricted)
rElec    .         Harm     .   (no cloak)
rCorr    .         Rampage  .   s - +0 pair of gloves
Will     .....                  (no boots)
Stlth    ..........             (no amulet)
HPRegen  0.24/turn              h - +6 ring of strength
MPRegen  0.11/turn              l - +6 ring of strength

@: marked
A: horns 2, retaliatory headbutt
a: Renounce Religion, Berserk, Trog's Hand


You were on level 10 of the Dungeon.
You worshipped Trog.
Trog was most pleased with you.
You visited 1 branch of the dungeon, and saw 10 of its levels.

You collected 600 gold pieces.

Inventory:

Hand Weapons
 A - a +0 war axe (weapon)
 G - a +2 flail of draining
Missiles
 F - 4 javelins (quivered)
Armour
 s - a +0 pair of gloves (worn)
 H - a +0 plate armour (worn)
Jewellery
 a - an amulet of reflection
 h - a +6 ring of strength (left hand)
 l - a +6 ring of strength (right hand)
 p - a ring of see invisible
 v - a ring of positive energy
 C - a ring of flight
 E - a ring of protection from fire
Wands
 t - a wand of flame (34)
 I - a wand of iceblast (6)
 J - a wand of paralysis (5)
Scrolls
 c - 16 scrolls of identify {unknown}
 g - a scroll of summoning {unknown}
 i - 3 scrolls of enchant armour {unknown}
 j - 3 scrolls of torment {unknown}
 k - 3 scrolls of enchant weapon {unknown}
 m - a scroll of fog {unknown}
 o - a scroll of holy word {unknown}
 r - 2 scrolls of vulnerability {unknown}
 x - a scroll of fear {unknown}
 y - a scroll of brand weapon {unknown}
 z - 2 scrolls of immolation {unknown}
Potions
 b - a potion of berserk rage {unknown}
 d - 2 potions of curing {unknown}
 e - 2 potions of attraction {unknown}
 f - 4 potions of heal wounds {unknown}
 n - a potion of magic {unknown}
 q - a potion of flight {unknown}
 u - a potion of brilliance {unknown}
 w - 2 potions of cancellation {unknown}
 B - 2 potions of degeneration {unknown}
 D - a potion of haste {unknown}


   Skills:
 + Level 10.0 Fighting
 + Level 9.9 Axes
 + Level 8.9 Armour
 - Level 2.1 Dodging


You had 8 spell levels left.
You didn't know any spells.
Your spell library contained the following spells:

 Spells                   Type           Power      Damage    Failure   Level
 Portal Projectile        Hex/Tloc       0%         N/A       100%        3
 Blade Hands              Tmut           0%         N/A       100%        5
 Excruciating Wounds      Necr           0%         N/A       100%        5


Dungeon Overview and Level Annotations

Branches:
Dungeon (10/15)            Temple (0/1) D:4
   Lair: D:8-11         Orc: D:9-12

Altars:
Cheibriados
Dithmenos
Elyvilon
Hepliaklqana
Wu Jian
Zin

Shops:
D:6 :


Innate Abilities, Weirdness & Mutations

You have a pair of horns on your head.
You reflexively headbutt those who attack you in melee.


Message History

Press: ? - help, Q - select action, (/) - cycle Shift-Dir - straight line, f - two-headed ogre
Aim: a two-headed ogre, wielding a +0 giant club and a +0 giant spiked club (76% to hit)
You throw a javelin.
The javelin barely misses the two-headed ogre.
A kobold brigand comes into view.
It is wielding a +0 short sword and quivering curare-tipped darts.
Throw: 5 javelins
Press: ? - help, Q - select action, (/) - cycle Shift-Dir - straight line, f/p - two-headed ogre
Aim: a two-headed ogre, wielding a +0 giant club and a +0 giant spiked club (76% to hit)
You throw a javelin.
The javelin barely misses the two-headed ogre.
The kobold brigand drinks a potion.
The kobold brigand flickers and vanishes!
Deactivating autopickup; reactivate with Ctrl-A.
Throw: 4 javelins
Press: ? - help, Q - select action, (/) - cycle Shift-Dir - straight line, f/p - two-headed ogre
Aim: a two-headed ogre, wielding a +0 giant club and a +0 giant spiked club (76% to hit)
Okay, then.
There is a stone staircase leading down here.
The two-headed ogre hits you with a +0 giant club!
The two-headed ogre hits you with a +0 giant spiked club!!
You climb downwards.
You hear the roar of battle.
There is an entrance to a bailey on this level.
Hurry and find it before the portal closes forever!
Reactivating autopickup.
You set off the alarm!
A sentinel's mark forms upon you.
You hear a shout! x10
There is a stone staircase leading up here.
You slice the two-headed ogre!!
The two-headed ogre is moderately wounded.
The two-headed ogre hits you with a +0 giant club!
The two-headed ogre hits you with a +0 giant spiked club!
You hit the two-headed ogre.
The two-headed ogre is moderately wounded.
You hit the two-headed ogre.
The two-headed ogre is heavily wounded.
The two-headed ogre hits you with a +0 giant club!!
* * * LOW HITPOINT WARNING * * *
The two-headed ogre hits you with a +0 giant spiked club!!
You die...

########
+......#
......#
#.....#
#.....#
#.....#
#.....#
#...@O#
#.....#
#.....#
#.....#
#.....#
#.....#
#.....#
#.##..#


You could see a two-headed ogre.

Vanquished Creatures
  A troll (D:9)
  A steam dragon (D:8)
  Menkaure (D:7)
  A water moccasin (D:8)
  Duvessa (D:7)
  An orc warrior (D:8)
  2 sky beasts
  An ice beast (D:8)
  A necrophage (D:6)
  2 ogres
  3 centaurs
  A kobold brigand (D:8)
  2 bullfrogs
  A water moccasin zombie (D:5)
  4 scorpions
  Dowan (D:7)
  2 howler monkeys (D:8)
  A bullfrog zombie (D:5)
  2 jellies
  2 hounds
  2 centaur skeletons
  A gnoll shaman (D:5)
  An orc priest (D:6)
  3 iguanas (D:6)
  2 orc wizards
  3 hound skeletons
  3 gnolls (D:7)
  7 adders
  2 shadow imps
  2 white imps (D:7)
  An adder skeleton (D:5)
  4 dart slugs
  14 orcs
  6 ball pythons
  5 bats
  12 endoplasms
  A giant cockroach (D:4)
  4 goblins
  7 hobgoblins
  3 quokkas
  4 frilled lizards
  12 kobolds
  7 rats
137 creatures vanquished.

Notes
Turn   | Place    | Note
-------+----------+-------------------------------------------
     0 | D:1      | ticklebelly the Minotaur Berserker began the quest for the
                  | Orb.
     0 | D:1      | Reached XP level 1. HP: 19/19 MP: 0/0
   399 | D:1      | Reached skill level 4 in Fighting
   402 | D:1      | Reached XP level 2. HP: 25/27 MP: 1/1
   616 | D:1      | Reached XP level 3. HP: 30/34 MP: 2/2
  1342 | D:2      | Reached ** piety under Trog
  1398 | D:2      | Found a faded altar of an unknown god.
  1918 | D:3      | Reached XP level 4. HP: 39/41 MP: 3/3
  2083 | D:3      | Reached skill level 5 in Axes
  2275 | D:3      | Reached skill level 5 in Fighting
  2484 | D:4      | Noticed an ogre
  2489 | D:4      | Killed an ogre
  2490 | D:4      | Reached XP level 5. HP: 17/48 MP: 4/4
  2787 | D:4      | Reached XP level 6. HP: 42/57 MP: 5/5
  3179 | D:4      | Found a shadowy altar of Dithmenos.
  3202 | D:4      | Reached skill level 6 in Fighting
  3593 | D:4      | Found a staircase to the Ecumenical Temple.
  4030 | D:5      | Entered Level 5 of the Dungeon
  4083 | D:5      | Reached XP level 7. HP: 62/64 MP: 6/6
  4330 | D:5      | Reached skill level 5 in Armour
  4561 | D:5      | Found an ornate altar of the Wu Jian Council.
  4565 | D:5      | Reached *** piety under Trog
  4566 | D:5      | Found a white marble altar of Elyvilon.
  4608 | D:5      | Reached skill level 7 in Fighting
  5027 | D:6      | Found Ewnuj's Book Shoppe.
  5206 | D:6      | Reached XP level 8. HP: 74/74 MP: 7/7
  5488 | D:6      | Reached skill level 8 in Fighting
  5785 | D:7      | Noticed Dowan
  5786 | D:7      | Noticed Duvessa
  5791 | D:7      | Killed Dowan
  5795 | D:7      | Killed Duvessa
  5938 | D:7      | Noticed Menkaure
  5945 | D:7      | Killed Menkaure
  6196 | D:7      | Found a snail-covered altar of Cheibriados.
  6683 | D:7      | Found a hazy altar of Hepliaklqana.
  6834 | D:8      | Reached skill level 9 in Fighting
  6841 | D:8      | Reached XP level 9. HP: 41/83 MP: 8/8
  7627 | D:9      | Found a glowing silver altar of Zin.
  7689 | D:9      | Noticed a troll
  7699 | D:9      | Killed a troll
  7700 | D:9      | Reached skill level 10 in Fighting
  7905 | D:9      | Noticed a two-headed ogre
  7920 | D:10     | Entered Level 10 of the Dungeon
  7923 | D:10     | Demolished by a two-headed ogre

Illustrated notes

Levels and vault maps discovered:
D:1:      co_arrival_square_in_a_square_in_a_square, layout_basic,
          serial_corexii_hall, chequers_hall_statues_y, corexii_hall_statues_l
D:2:      layout_loops_ring, ebering_ecumenical_altar_mist
D:3:      layout_basic, hangedman_decor_riveting
D:4:      layout_layer_cave, old_standard_altar,
          minmay_temple_entry_glassed_door
D:5:      layout_basic, jmf_multi_god_temple
D:6:      layout_loops_cross, serial_shops, nicolae_shop_waterfront,
          minmay_misc_feat_more_columns
D:7:      layout_cave_pods, mainiacjoe_overflow_catwalk,
          overflow_temple_1_default, uniq_menkaure, uniq_duvessa
D:8:      layout_cave_pools
D:9:      layout_basic, amcnicky_altar_gilded, doesnt_xom_only_xom,
          feat_on_display
D:10:     layout_stronghold, david_lair_shrubbed, david_orc_5, enter_bailey_4,
          nicolae_trove_entry_crystal, kennysheep_dice, uniq_harold

Skill      XL: |  1  2  3  4  5  6  7  8  9 |
---------------+----------------------------+-----
Fighting       | 4 5 6 7 9 10 | 10.0
Axes           | 4 5 6 7 9 |  9.9
Armour         | 3 4 6 8 |  8.9
Dodging        | |  2.1

Action                   |  1- 3 |  4- 6 |  7- 9 || total
-------------------------+-------+-------+-------++-------
Melee: Hand axe          |    89 |    61 |    80 ||   230
       Headbutt          |    14 |    17 |    47 ||    78
       War axe           |       |       |    86 ||    86
Throw: Javelin           |       |       |     2 ||     2
Invok: Berserk           |     1 |     1 |     4 ||     6
       Trog's Hand       |       |       |     1 ||     1
Armor: Chain mail        |    12 |       |       ||    12
       Ring mail         |    21 |    29 |    61 ||   111
       Plate armour      |       |       |    19 ||    19
Dodge: Dodged            |    54 |    43 |    85 ||   182
